 Dungeon Crawl Stone Soup version 0.29-a0-817-g9904bce7a6 (webtiles) character file.

Game seed: 16042294591059623263

7998 jlumianski the Fighter (level 11, -2/86 HPs)
             Began as a Demonspawn Fighter on July 5, 2022.
             Was a High Priest of Okawaru.
             Slain by a death yak (12 damage)
             ... in an ice cave.
             The game lasted 00:43:21 (10078 turns).

jlumianski the Fighter (Demonspawn Fighter)        Turns: 10078, Time: 00:43:21

Health: -2/86      AC: 22    Str: 20    XL:     11   Next: 4%
Magic:  6/18       EV: 12    Int: 11    God:    Okawaru [*****.]
Gold:   646        SH:  0    Dex: 12    Spells: 17/19 levels left

rFire   . . .      SeeInvis +   X - +2 broad axe
rCold   . . .      Faith    .   (no shield)
rNeg    . . .      Spirit   .   k - +2 scale mail {rPois}
rPois   +          Reflect  .   i - +0 helmet "Tareozxure" {Slay+3}
rElec   .          Harm     .   u - +1 cloak
rCorr   .          Rampage  .   (no gloves)
Will    .....                   (no boots)
Stlth   ++........              (no amulet)
HPRegen 0.24/turn               V - ring of see invisible
MPRegen 0.16/turn               L - +4 ring of protection

@: heroic, finesse-ful
A: slimy green scales 2, powered by death 1, demonic magic 1, demonic touch 2
a: Renounce Religion, Heroism, Finesse, Duel


You were in an ice cave.
You worshipped Okawaru.
Okawaru was extremely pleased with you.
You visited 2 branches of the dungeon, and saw 12 of its levels.
You also visited: Ice Cave.

You collected 728 gold pieces.
You spent 82 gold pieces at shops.

Inventory:

Hand Weapons
 E - a +1 hand axe of flaming
 P - a +3 trident of protection
 X - a +2 broad axe (weapon)
Missiles
 b - 3 silver boomerangs
 s - 2 curare-tipped darts
 B - 2 boomerangs of dispersal
 K - 5 boomerangs (quivered)
 M - 26 poisoned darts
 Y - 4 silver javelins
Armour
 i - the +0 helmet "Tareozxure" (worn) {Slay+3}
   (You took it off Robin on level 3 of the Dungeon)

   Slay:      It affects your accuracy & damage with ranged weapons and melee
   (+3).
 k - a +2 scale mail of poison resistance (worn)
 u - a +1 cloak (worn)
Jewellery
 t - a ring of flight
 L - a +4 ring of protection (right hand)
 V - a ring of see invisible (left hand)
 Z - a ring of ice
Wands
 h - a wand of digging (1)
 r - a wand of acid (18)
 G - a wand of iceblast (10)
 I - a wand of flame (8)
 J - a wand of polymorph (8)
Scrolls
 a - a scroll of fog
 m - a scroll of poison
 D - 2 scrolls of teleportation
 O - 2 scrolls of blinking
 S - 3 scrolls of immolation
 W - a scroll of silence
Potions
 d - 2 potions of might
 e - 2 potions of heal wounds
 g - 3 potions of lignification
 l - 7 potions of curing
 n - 2 potions of cancellation
 o - 2 potions of flight
 p - 2 potions of resistance
 v - a potion of berserk rage
 x - a potion of brilliance
 U - a potion of attraction


   Skills:
 * Level 8.2(13.2) Fighting
 + Level 8.1(13.1) Axes
 + Level 1.8(6.8) Throwing
 + Level 6.0(11.0) Armour
 + Level 2.5(7.5) Dodging
 + Level 1.7(6.7) Stealth
 + Level 3.1(8.1) Shields
 * Level 4.8 Spellcasting
 + Level 0.3 Air Magic
 * Level 5.4 Poison Magic
 * Level 6.0 Invocations
 * Level 4.0 Evocations


You had 17 spell levels left.
You knew the following spells:

 Your Spells              Type           Power      Damage    Failure   Level
a - Poisonous Vapours     Pois/Air       18%        N/A       22%         2

Your spell library contained the following spells:

 Spells                   Type           Power      Damage    Failure   Level
 Ignite Poison            Fire/Tmut/Pois 6%         N/A       56%         3
 Mephitic Cloud           Conj/Pois/Air  6%         N/A       56%         3
 Gell's Gravitas          Tloc           2%         N/A       83%         3
 Teleport Other           Tloc           2%         N/A       83%         3
 Corpse Rot               Necr/Pois/Air  6%         N/A       92%         4
 Borgnjor's Vile Clutch   Necr/Erth      1%         N/A       100%        5
 Dispersal                Tloc           1%         N/A       100%        6
 Summon Small Mammal      Summ           Unusable   N/A       N/A         1
 Call Canine Familiar     Summ           Unusable   N/A       N/A         3
 Summon Guardian Golem    Hex/Summ       Unusable   N/A       N/A         3
 Animate Dead             Necr           Unusable   N/A       N/A         4
 Death Channel            Necr           Unusable   N/A       N/A         6
 Infestation              Necr           Unusable   N/A       N/A         8

Dungeon Overview and Level Annotations

Branches:
Dungeon (11/15)            Temple (1/1) D:4             Orc (0/2) D:9
  IceCv (1/1)
   Lair: D:8-11

Altars:
Ashenzari
Cheibriados
Dithmenos
Fedhas
Gozag
Hepliaklqana
Kikubaaqudgha
Makhleb
Nemelex Xobeh
Okawaru
Sif Muna
Trog
Uskayaw
Vehumet
Wu Jian
Xom

Shops:
D:7 ?   D:9 (


Innate Abilities, Weirdness & Mutations

You are mostly covered in slimy green scales. (AC +3)
You regenerate a little health from kills.
Spells you cast may paralyse adjacent enemies.
Your touch may inflict irresistible damage on your foes.


Message History

The death yak closely misses you. The death yak gores you!
* * * LOW HITPOINT WARNING * * *
The death yak closely misses you.
You feel much better.
The death yak looks more healthy.
The death yak gores you but does no damage. x3
You barely miss the death yak.
The death yak is moderately wounded.
You slash the death yak! You hit the death yak. You hit the death yak.
The death yak is moderately wounded.
You slash the death yak! x2; The death yak closely misses you.
The death yak gores you! The death yak gores you.
You hit the death yak but do no damage.
You touch the death yak!
The death yak is heavily wounded.
You slash the death yak! You hit the death yak. You slash the death yak!
The death yak is severely wounded.
You barely miss the death yak. You hit the death yak but do no damage.
The death yak gores you but does no damage.
The death yak misses you. x2
You slash the death yak!
You touch the death yak.
The death yak is almost dead.
You barely miss the death yak. You hit the death yak.
You barely miss the death yak.
You touch the death yak!
You kill the death yak!
Okawaru is honoured by your kill.
You hit the death yak but do no damage. You slice the death yak!!
The death yak gores you.
* * * LOW HITPOINT WARNING * * *
The death yak gores you!
* * * LOW HITPOINT WARNING * * *
Your Invocations skill increases to level 6!
Your Evocations skill increases to level 4!
You have reached level 11!
Your demonic ancestry asserts itself...
Slimy green scales spread over more of your body.
You feel much better. The death yak gores you!!
* * * LOW HITPOINT WARNING * * *
The death yak gores you!
You die...

# .# ###..#
#...⌠..
##Y....#
#@†# #Y##
###
#..###.##
#..#....#
##......##
#...###..##
##.##
##..##
#######...#
#∩#.###..##


You could see 2 death yaks.

Vanquished Creatures
  2 two-headed ogres
  A death yak (IceCv)
  A gargoyle (D:10)
  2 rime drakes (D:11)
  A wraith (D:9)
  5 yaks
  3 steam dragons
  A water moccasin (D:6)
  3 black bears
  3 sky beasts (D:8)
  7 orc warriors
  3 ice beasts
  An ogre (D:5)
  2 wolves (IceCv)
  2 centaurs
  A phantom (D:5)
  2 kobold brigands
  2 bullfrogs
  A gnoll sergeant (D:7)
  A necrophage (D:6)
  A scorpion (D:5)
  12 wights
  4 howler monkeys
  Crazy Yiuf (D:3)
  2 jellies (D:7)
  3 orc priests
  A hound (D:4)
  12 orc wizards
  4 iguanas
  Terence (D:3)
  Robin (D:3)
  6 gnolls
  6 adders
  A shadow imp (D:5)
  2 white imps
  4 dart slugs
  38 orcs
  5 bats
  8 endoplasms
  2 giant cockroaches (D:1)
  14 goblins
  6 hobgoblins
  5 jackals
  12 kobolds
  A quokka (D:1)
  8 ball pythons
  2 frilled lizards
  3 rats
209 creatures vanquished.

Vanquished Creatures (collateral kills)
  A hobgoblin (D:2)
  A ball python (D:2)
2 creatures vanquished.

Vanquished Creatures (others)
  2 orcs
2 creatures vanquished.

Grand Total: 213 creatures vanquished

Notes
Turn   | Place    | Note
-------+----------+-------------------------------------------
     0 | D:1      | jlumianski the Demonspawn Fighter began the quest for the
                  | Orb.
     0 | D:1      | Reached XP level 1. HP: 18/18 MP: 1/1
   115 | D:1      | Gained mutation: Your touch may inflict minor irresistible
                  | damage on your foes. [demonic ancestry]
   115 | D:1      | Reached XP level 2. HP: 7/24 MP: 2/2
   222 | D:1      | Upgraded the game from 0.29-a0-813-g4a14ea37d6 to
                  | 0.29-a0-817-g9904bce7a6
   536 | D:3      | Noticed Terence
   843 | D:2      | Gained mutation: Spells you cast may paralyse adjacent
                  | enemies. [demonic ancestry]
   843 | D:2      | Reached XP level 3. HP: 28/29 MP: 3/3
  1127 | D:2      | Found a faded altar of an unknown god.
  1648 | D:3      | Killed Terence
  1649 | D:3      | Gained mutation: Your touch may inflict irresistible damage
                  | on your foes. [demonic ancestry]
  1649 | D:3      | Reached XP level 4. HP: 21/37 MP: 4/4
  2028 | D:3      | Found a runed translucent door.
  2029 | D:3      | Noticed Crazy Yiuf
  2065 | D:3      | Noticed a black bear
  2123 | D:2      | Killed a black bear
  2124 | D:2      | Reached skill level 1 in Dodging
  2124 | D:2      | Gained mutation: You regenerate a little health from kills.
                  | [demonic ancestry]
  2124 | D:2      | Reached XP level 5. HP: 32/42 MP: 5/5
  2135 | D:3      | Identified the +0 helmet "Tareozxure" {Slay+3}
  2135 | D:3      | Noticed Robin
  2143 | D:3      | Killed Robin
  2365 | D:5      | Entered Level 5 of the Dungeon
  2934 | D:3      | Killed Crazy Yiuf
  2935 | D:3      | Gained mutation: You are partially covered in slimy green
                  | scales. (AC +2) [demonic ancestry]
  2935 | D:3      | Reached XP level 6. HP: 39/44 MP: 6/6
  3087 | D:4      | Got the Secrets of the Ghoulish Snake
  3091 | D:4      | Learned a level 2 spell: Poisonous Vapours
  3366 | D:4      | Found a staircase to the Ecumenical Temple.
  3401 | Temple   | Entered the Ecumenical Temple
  3611 | Temple   | Became a worshipper of Warmaster Okawaru
  3885 | D:5      | Reached XP level 7. HP: 50/54 MP: 6/8
  3916 | D:5      | Reached skill level 1 in Spellcasting
  3916 | D:5      | Reached skill level 1 in Poison Magic
  4555 | D:5      | Reached * piety under Okawaru
  4556 | D:5      | Reached skill level 1 in Throwing
  4684 | D:6      | Reached skill level 5 in Axes
  4714 | D:5      | Reached XP level 8. HP: 52/61 MP: 10/10
  4886 | D:5      | Reached skill level 5 in Fighting
  5330 | D:5      | Reached skill level 1 in Invocations
  5395 | D:6      | Reached skill level 1 in Evocations
  5420 | D:6      | Reached ** piety under Okawaru
  5675 | D:6      | Found a snail-covered altar of Cheibriados.
  6250 | D:7      | Reached XP level 9. HP: 58/69 MP: 10/13
  6438 | D:7      | Found Rughacut's Magic Scroll Emporium.
  6449 | D:7      | Bought a scroll of blinking for 82 gold pieces
  6588 | D:7      | Reached skill level 5 in Armour
  7150 | D:8      | Noticed a two-headed ogre
  7159 | D:8      | Killed a two-headed ogre
  7159 | D:8      | Reached *** piety under Okawaru
  7160 | D:8      | Reached skill level 1 in Stealth
  7650 | D:9      | Reached **** piety under Okawaru
  7651 | D:9      | Reached skill level 5 in Invocations
  7651 | D:9      | Reached XP level 10. HP: 17/77 MP: 15/15
  7664 | D:9      | Found a staircase to the Orcish Mines.
  7666 | D:9      | Found Misy's Weapon Shop.
  8104 | D:10     | Entered Level 10 of the Dungeon
  8239 | D:9      | Received a gift from Okawaru
  9339 | D:9      | Found a shimmering blue altar of Sif Muna.
  9418 | D:10     | Noticed a two-headed ogre
  9424 | D:9      | Killed a two-headed ogre
  9438 | D:9      | Reached skill level 5 in Poison Magic
  9886 | D:10     | Received a gift from Okawaru
  9895 | D:10     | Noticed a gargoyle
  9906 | D:10     | Killed a gargoyle
  9992 | D:11     | Found a frozen archway.
  9999 | D:11     | Reached ***** piety under Okawaru
 10018 | IceCv    | Entered an ice cave
 10057 | IceCv    | Noticed a death yak
 10058 | IceCv    | Noticed a death yak
 10058 | IceCv    | Noticed a death yak
 10077 | IceCv    | Killed a death yak
 10078 | IceCv    | Gained mutation: You are mostly covered in slimy green
                  | scales. (AC +3) [demonic ancestry]
 10078 | IceCv    | Reached XP level 11. HP: 10/86 MP: 5/18
 10078 | IceCv    | Slain by a death yak

Illustrated notes

Levels and vault maps discovered:
D:1:      minmay_arrival_glassed_features, layout_basic
D:2:      layout_rooms, shapermc_ecumenical_altar_acropolis
D:3:      layout_basic, uniq_robin, uniq_terence, uniq_crazy_yiuf_cottage
D:4:      layout_gridville, minmay_temple_entry_drinking_statues
D:5:      layout_cave_pods
D:6:      layout_cave_pools, kennysheep_mini_moat, corexii_shack
D:7:      layout_cave_pods, serial_shops, shop_scrolls
D:8:      layout_cave_pools
D:9:      layout_stronghold, nicolae_sif_muna_little_library, orc_david_3
D:10:     layout_roguey, nicolae_overflow_quartered_altars, nicolae_wwwww
D:11:     layout_layer_cave, dpeg_oklobed_lair, portal_ice_cave_rime,
          nicolae_diode_quadrants, uniq_snorg
Temple:   nicolae_temple_slightly_damp_pantheon
IceCv:    ice_cave_caverns_03

Skill      XL: |  1  2  3  4  5  6  7  8  9 10 |
---------------+-------------------------------+-----
Axes           | 2 3 4 5 6 7 8 |  8.1
Shields        | 3 |  3.1
Armour         | 3 4 5 6 |  6.0
Dodging        | 1 2 |  2.5
Fighting       | 4 5 6 8 |  8.2
Spellcasting   | 1 2 3 4 |  4.8
Poison Magic   | 2 3 4 5 |  5.4
Throwing       | 1 |  1.8
Invocations    | 3 5 6 |  6.0
Evocations     | 1 2 4 |  4.0
Stealth        | 1 |  1.7
Air Magic      | |  0.3

Action                   |  1- 3 |  4- 6 |  7- 9 | 10-12 || total
-------------------------+-------+-------+-------+-------++-------
Melee: War axe           |    96 |    94 |   226 |       ||   416
       Touch             |       |    11 |    35 |    31 ||    77
       Punch             |       |       |     4 |     2 ||     6
       Broad axe         |       |       |    18 |   143 ||   161
Throw: Stone             |     4 |     1 |     2 |       ||     7
       Dart              |     3 |       |    18 |       ||    21
       Boomerang         |       |       |     5 |     2 ||     7
 Cast: Poisonous Vapours |       |       |     2 |     9 ||    11
Invok: Heroism           |       |       |     2 |     2 ||     4
       Finesse           |       |       |       |     1 ||     1
Evoke: Wand              |       |       |       |     2 ||     2
  Use: Potion            |     2 |     2 |     1 |     2 ||     7
       Scroll            |     4 |     5 |     9 |     6 ||    24
 Stab: Paralysed         |       |       |       |     3 ||     3
       Confused          |       |       |       |     2 ||     2
Armor: Scale mail        |    48 |    65 |   169 |    97 ||   379
Dodge: Dodged            |    41 |    75 |   152 |    73 ||   341
Block: Buckler           |    25 |       |       |       ||    25

Table legend: (Time is in decaauts)
 A = Elapsed time spent in this place.
 B = Non-inter-level travel time spent in this place.
 C = Inter-level travel time spent in this place.
 D = Time resting spent in this place.
 E = Time spent auto-exploring this place.
 F = Levels seen in this place.
 G = Mean time per level.
                   A        B        C        D        E       F      G
               +--------+--------+--------+--------+--------+-----+--------+
         Total |  10258 |  10082 |    176 |    939 |   5396 |  13 |  789.1 |
       Dungeon |   9966 |   9790 |    176 |    939 |   5354 |  11 |  906.0 |
        Temple |    236 |    236 |      0 |      0 |     42 |   1 |  236.0 |
      Ice Cave |     55 |     55 |      0 |      0 |      0 |   1 |   55.0 |
               +--------+--------+--------+--------+--------+-----+--------+

Top non-repeatable levels by time:
     D:9: 1333 daAuts
     D:5: 1248 daAuts
     D:7: 1244 daAuts
     D:3: 1110 daAuts
     D:8: 1069 daAuts
     D:1: 913 daAuts
     D:4: 834 daAuts
     D:2: 822 daAuts
     D:6: 678 daAuts
    D:10: 571 daAuts
  Temple: 236 daAuts
    D:11: 140 daAuts
   IceCv: 55 daAuts
